 Dungeon Crawl Stone Soup version 0.22.1-2-g9c5b331383 (webtiles) character file.

7014 Marnok the Carver (level 11, 0/84 HPs)
             Began as a Human Fighter on Dec 6, 2018.
             Succumbed to a spiny frog's poison
             ... on level 1 of the Lair of Beasts.
             The game lasted 00:51:15 (9200 turns).

Marnok the Carver (Human Fighter)                   Turns: 9200, Time: 00:51:16

Health: 0/84       AC: 18    Str: 20    XL:     11   Next: 29%
Magic:  11/11      EV:  7    Int:  9    God:
Gold:   219        SH:  5    Dex: 12    Spells: 10/10 levels left

rFire    . . .     SeeInvis .   a - +2 long sword
rCold    . . .     Gourm    +   i - +0 buckler {AC+3}
rNeg     . . .     Faith    .   w - +0 plate armour
rPois    .         Spirit   .   (no helmet)
rElec    .         Reflect  .   (no cloak)
rCorr    .         Harm     .   g - +0 pair of gloves
MR       .....                  (no boots)
Stlth    ..........             e - amulet of the gourmand
HPRegen  0.24/turn              y - ring of attention (curse)
MPRegen  0.12/turn              o - -2 ring of dexterity (curse)

@: lethally poisoned (0 -> -43), very slightly contaminated
A: talons 1, strong 1
a: no special abilities


You were on level 1 of the Lair of Beasts.
You were full.

You visited 2 branches of the dungeon, and saw 10 of its levels.
You also visited: Sewer.

You collected 541 gold pieces.
You spent 322 gold pieces at shops.

Inventory:

Hand Weapons
 a - a +2 long sword (weapon)
 n - a +2 dagger of venom
 s - a +3 flail of holy wrath
 z - a +0 rapier
 C - a +2 dagger of venom
 L - the cursed +2 trident of the Sun {elec, Int+5, unknown}
   (You found it on level 7 of the Dungeon)

   Occasionally, upon striking a foe, it will discharge some electrical energy
   and cause terrible harm.
   It affects your intelligence (+5).
   It has a curse placed upon it.
 P - a +2 hunting sling of freezing
 R - a +2 dagger of venom
 S - a cursed -2 whip
Missiles
 G - 2 throwing nets (quivered)
Armour
 g - a +0 pair of gloves (worn)
 i - a +0 buckler of protection (worn)
 t - a +0 ring mail
 v - a +0 large shield
 w - a +0 plate armour (worn)
 x - a +2 leather armour of cold resistance
 A - a +1 leather armour of positive energy
 D - a +0 robe
 I - a +0 plate armour
 K - a +0 cloak
 O - a +0 cloak
Magical Staves
 J - an uncursed staff of wizardry {unknown}
Jewellery
 c - an uncursed ring of wizardry
 e - an amulet of the gourmand (around neck)
 k - an uncursed amulet of faith
 o - a cursed -2 ring of dexterity (right hand)
 y - a cursed ring of attention (left hand)
 H - the ring of Midnight {rElec rC+, unknown}
   (You found it on level 6 of the Dungeon)

   [ring of protection from cold]

   It protects you from cold.
   It insulates you from electricity.
Wands
 u - a wand of acid (7)
 N - a wand of polymorph (10)
Scrolls
 h - a scroll of random uselessness
 m - 2 scrolls of magic mapping
 B - 3 scrolls of amnesia
 Q - 3 scrolls of identify
Potions
 l - a potion of resistance
 r - 2 potions of flight
 E - a potion of cancellation {unknown}
 F - 2 potions of agility {unknown}
Miscellaneous
 j - a lamp of fire
Comestibles
 f - 10 rations


   Skills:
 + Level 7.1 Fighting
 + Level 11.1 Long Blades
 + Level 8.6 Armour
 + Level 3.2 Dodging
 + Level 1.0 Stealth
 + Level 6.9 Shields


You had 10 spell levels left.
You didn't know any spells.
Your spell library contained the following spells:

 Spells                   Type           Power        Failure   Level  Hunger
 Corona                   Hex            #......      100%        1    ##.....
 Ensorcelled Hibernation  Hex/Ice        #.....       100%        2    ###....
 Confuse                  Hex            #.......     100%        3    ####...
 Dazzling Spray           Conj/Hex       #.....       100%        3    ####...
 Tukima's Dance           Hex            #.......     100%        3    ####...


Dungeon Overview and Level Annotations

Branches:
Dungeon (9/15)             Temple (0/1) D:6            Lair (1/6) D:8
    Orc: D:9-12

Altars:
Cheibriados
Elyvilon
Fedhas
Gozag
Kikubaaqudgha
Nemelex Xobeh
Okawaru
Qazlal
Ru
Sif Muna
Uskayaw
Wu Jian
Xom
Yredelemnul
Zin

Shops:
D:5 %?*%   D:6 [

Annotations:
D:8 Gastronok


Innate Abilities, Weirdness & Mutations

You have sharp toenails.
Your muscles are strong. (Str +2)


Message History

You feel very sick. The spiny frog barely misses you.
You hit the spiny frog.
You claw the spiny frog, but do no damage.
The spiny frog is almost dead.
* * * LOW HITPOINT WARNING * * *
You feel very sick. The spiny frog stings you!
* * * LOW HITPOINT WARNING * * *
Okay, then.
Blink to where?
Press: ? - help, Dir - move target cursor You are very lightly contaminated with residual magic.
As you read the scroll of blinking, it crumbles to dust.
* * * LOW HITPOINT WARNING * * *
You feel very sick.
Blink to where?
Press: ? - help, Dir - move target cursor
As you read the scroll of blinking, it crumbles to dust.
You die...

#### ### ###
########P.###########.######.####
.................................
................@......§......F..
............................≈≈≈≈≈
............................≈###≈
........[...................≈# ≈
............................≈#
............................≈#
............................≈#
.................♣.P........≈≈≈
.................♣♣≈P.......≈≈≈≈


There were no monsters in sight!

Vanquished Creatures
  A two-headed ogre (D:8)
  A spiny frog (Lair:1)
  Grinder (D:3)
  2 hippogriffs (D:8)
  A shadow (D:8)
  A wyvern (D:7)
  10 yaks (Lair:1)
  A steam dragon (D:8)
  Menkaure (D:5)
  Duvessa (D:4)
  A water moccasin (D:8)
  3 orc warriors
  4 porcupines (Lair:1)
  A sky beast (D:5)
  A phantom (D:5)
  3 ice beasts
  3 ogres
  3 centaurs
  2 big kobolds (Sewer)
  5 bullfrogs
  2 water moccasin zombies
  Dowan (D:4)
  A scorpion (D:4)
  A howler monkey (D:5)
  4 jellies
  3 hounds
  A bullfrog skeleton (D:5)
  2 quasits
  7 orc priests
  A centaur skeleton (D:8)
  An iguana (D:6)
  3 orc wizards
  3 worker ants
  A worker ant zombie (D:6)
  11 gnolls
  6 adders
  2 oozes (Sewer)
  An adder skeleton (D:5)
  5 worms
  2 dart slugs
  2 leopard geckos
  13 orcs
  3 ball pythons (Sewer)
  4 giant cockroaches
  12 goblins
  10 hobgoblins
  7 jackals
  5 quokkas
  11 bats
  13 frilled lizards
  2 goblin skeletons (D:7)
  A jackal zombie (D:5)
  20 kobolds
  A leopard gecko zombie (D:7)
  2 quokka skeletons
  6 rats
216 creatures vanquished.

Vanquished Creatures (others)
  A fungus (Lair:1)
  A plant (Lair:1)
2 creatures vanquished.

Grand Total: 218 creatures vanquished

Notes
Turn   | Place    | Note
-------+----------+-------------------------------------------
     0 | D:1      | Marnok the Human Fighter began the quest for the Orb.
     0 | D:1      | Reached XP level 1. HP: 18/18 MP: 1/1
    62 | D:1      | Reached XP level 2. HP: 20/24 MP: 2/2
   383 | D:1      | Reached XP level 3. HP: 29/29 MP: 3/3
   638 | D:2      | Gained mutation: You have sharp toenails. [potion of
                  | mutation]
   638 | D:2      | Gained mutation: Your muscles are strong. (Str +2) [potion
                  | of mutation]
   677 | D:2      | Found a basalt altar of Yredelemnul.
   737 | D:3      | Noticed Grinder
  1002 | D:2      | Found a white marble altar of Elyvilon.
  1321 | D:2      | Reached XP level 4. HP: 34/35 MP: 4/4
  1640 | D:2      | Reached skill level 3 in Long Blades
  1640 | D:2      | Reached XP level 5. HP: 39/41 MP: 5/5
  1832 | D:3      | You fall through a shaft for 3 floors!
  1968 | D:6      | Noticed a bullfrog
  1979 | D:6      | Killed a bullfrog
  1979 | D:6      | Reached skill level 1 in Dodging
  1988 | D:6      | Found Ituetuol's Antique Armour Boutique.
  2018 | D:6      | Reached XP level 6. HP: 34/48 MP: 6/6
  2126 | D:6      | Bought a runed buckler for 202 gold pieces
  2216 | D:6      | Noticed an ogre
  2228 | D:6      | Killed an ogre
  2318 | D:6      | Found an opulent altar of Gozag.
  2326 | D:6      | Reached skill level 4 in Long Blades
  2378 | D:6      | Found a staircase to the Ecumenical Temple.
  2396 | D:6      | Reached XP level 7. HP: 23/54 MP: 7/7
  2586 | D:5      | Entered Level 5 of the Dungeon
  2610 | D:5      | Found Imaen's Food Boutique.
  2649 | D:5      | Found Huudghogo's General Store.
  2667 | D:5      | Reached skill level 5 in Armour
  2669 | D:5      | Reached skill level 5 in Long Blades
  2669 | D:5      | Reached XP level 8. HP: 17/61 MP: 8/8
  2946 | D:5      | Found a glowing drain.
  2972 | Sewer    | Entered a sewer
  3340 | D:5      | Reached skill level 6 in Long Blades
  3444 | D:5      | Found Cuescheo's Food Shoppe.
  3654 | D:5      | Found Ticih's Magic Scroll Shop.
  3663 | D:5      | Bought a scroll of teleportation for 36 gold pieces
  3663 | D:5      | Bought a scroll of identify for 24 gold pieces
  3663 | D:5      | Bought a scroll of remove curse for 36 gold pieces
  3663 | D:5      | Bought a scroll of identify for 24 gold pieces
  3681 | D:5      | Noticed Menkaure
  4061 | D:3      | Killed Grinder
  4061 | D:3      | Reached skill level 5 in Fighting
  4061 | D:3      | Reached XP level 9. HP: 66/68 MP: 9/9
  4149 | D:3      | Reached skill level 5 in Shields
  4667 | D:4      | Reached skill level 7 in Long Blades
  5014 | D:4      | Found an ancient bone altar of Kikubaaqudgha.
  5028 | D:4      | Found a stormy altar of Qazlal.
  5033 | D:4      | Found a sacrificial altar of Ru.
  5035 | D:4      | Found a sparkling altar of Nemelex Xobeh.
  5035 | D:4      | Found a deep blue altar of Sif Muna.
  5035 | D:4      | Found a shimmering altar of Xom.
  5035 | D:4      | Found a hide-covered altar of Uskayaw.
  5036 | D:4      | Found an ornate altar of the Wu Jian Council.
  5037 | D:4      | Found an iron altar of Okawaru.
  5038 | D:4      | Found a snail-covered altar of Cheibriados.
  5171 | D:4      | Noticed Duvessa
  5171 | D:4      | Noticed Dowan
  5184 | D:4      | Killed Duvessa
  5200 | D:4      | Killed Dowan
  5249 | D:4      | Found a blossoming altar of Fedhas.
  5368 | D:5      | Killed Menkaure
  5368 | D:5      | Reached skill level 8 in Long Blades
  5955 | D:6      | Got a sparkling bone ring
  6666 | D:7      | Got a slimy trident
  6782 | D:7      | Reached XP level 10. HP: 75/75 MP: 10/10
  7173 | D:7      | Found a runed door.
  7179 | D:7      | Found a basalt altar of Yredelemnul.
  7442 | D:8      | Reached skill level 9 in Long Blades
  7455 | D:8      | Noticed Gastronok
  7749 | D:8      | Noticed a two-headed ogre
  7763 | D:8      | Killed a two-headed ogre
  8339 | D:8      | Identified a scroll of acquirement
  8362 | D:8      | Found a glowing silver altar of Zin.
  8424 | D:8      | Found a staircase to the Lair.
  8433 | Lair:1   | Entered Level 1 of the Lair of Beasts
  8469 | Lair:1   | Noticed a spiny frog
  8479 | Lair:1   | Reached skill level 10 in Long Blades
  8484 | Lair:1   | Killed a spiny frog
  8493 | Lair:1   | Reached XP level 11. HP: 34/83 MP: 11/11
  8840 | Lair:1   | Reached skill level 1 in Stealth
  8875 | Lair:1   | Reached skill level 11 in Long Blades
  9199 | Lair:1   | HP: 4/84 [poisoned by a spiny frog]
  9200 | Lair:1   | Succumbed to a spiny frog's poison

Skill      XL: |  1  2  3  4  5  6  7  8  9 10 11 |
---------------+----------------------------------+-----
Long Blades    | 3 4 5 6 8 10 11 | 11.1
Dodging        | 1 2 3 |  3.2
Fighting       | 4 5 6 7 |  7.1
Armour         | 4 5 6 8 |  8.6
Shields        | 4 6 |  6.9
Stealth        | 1 |  1.0

Action                   |  1- 3 |  4- 6 |  7- 9 | 10-12 || total
-------------------------+-------+-------+-------+-------++-------
Melee: Long sword        |   108 |    96 |   357 |   256 ||   817
       Kick              |    12 |    32 |   115 |    81 ||   240
  Use: Scroll            |     6 |     2 |     8 |     8 ||    24
       Potion            |     1 |       |    12 |     8 ||    21
  Eat: Chunk             |     2 |     1 |    15 |     6 ||    24
       Ration            |       |     1 |     2 |       ||     3
Armor: Scale mail        |    52 |    65 |    63 |       ||   180
       Plate armour      |       |       |   143 |   126 ||   269
Dodge: Dodged            |    37 |    43 |   134 |    57 ||   271
Block: Shield            |    50 |    56 |       |       ||   106
       Buckler           |       |     3 |    91 |    42 ||   136
       Rpst.: Long sword |     9 |    15 |    33 |    12 ||    69
